Map: Site Delta LE

Players

SparkOMatic

  • Race: Protoss Protoss
  • League: Gold
  • Spawn Location: 11:00

Nos - Winner!

  • Race: Terran Terran
  • Spawn Location: 5:00

VOD

Have the link to the VOD?

Description

Working on a 2 factory cyclone build against Protoss

Time

  • Played on: Oct. 28, 2023, 7:39 a.m.
  • Length: 5:53
Show
View Real Time Build Order
Export as new Build Order

SparkOMatic Protoss 

Build Orders: 1 Gate Expand 

Get SALT Encoding   

  12  0:01  Probe  
  13  0:13  Probe  
  14  0:21  Pylon  
  14  0:26  Probe  
  15  0:40  Probe  
  16  0:47  Gateway  
  16  0:52  Probe (Chrono Boost)  
  17  1:01  Probe (Chrono Boost)  
  18  1:06  Probe (Chrono Boost)  
  19  1:21  Nexus  
  19  1:28  Assimilator  
  19  1:31  Probe  
  20  1:32  Assimilator  
  20  1:41  Cybernetics Core  
  20  1:45  Pylon  
  20  1:50  Probe  
  21  2:02  Probe  
  22  2:12  Warp Gate (Chrono Boost)  
  22  2:14  Probe  
  23  2:20  Stalker  
  25  2:29  Gateway  
  25  2:31  Gateway  
  25  2:41  Probe  
  26  2:47  Pylon  
  26  2:51  Probe  
  27  3:03  Probe  
  28  3:15  Probe  
  28  3:18  Gateway  
  29  3:20  Gateway  
  29  3:23  Twilight Council  
  29  3:28  Probe  
  30  3:40  Probe  
  31  3:48  Stalker x2  
  33  3:49  Stalker  
  33  3:53  Charge (Chrono Boost)  
  33  3:55  Probe (Chrono Boost)  
  38  4:05  Probe (Chrono Boost)  
  39  4:10  Probe (Chrono Boost)  
  39  4:11  Pylon  
  39  4:16  Pylon  
  40  4:19  Probe (Chrono Boost)  
  41  4:29  Probe (Chrono Boost)  
  42  4:32  Zealot x3  
  42  4:33  Zealot x2  
  42  4:34  Probe (Chrono Boost)  
  53  4:45  Probe  
  54  5:04  Robotics Facility  
  54  5:11  Assimilator  
  54  5:13  Assimilator, Probe  
  47  5:25  Stalker  
  47  5:26  Stalker  
Show
View Real Time Build Order
Export as new Build Order

Nos Terran - Winner!

Build Orders: 2 Factory, Cyclone Opening 

Get SALT Encoding   

  12  0:00  SCV  
  13  0:17  SCV, Supply Depot  
  14  0:33  Refinery  
  14  0:42  Barracks, SCV  
  15  0:57  SCV  
  16  1:09  SCV  
  17  1:13  Refinery  
  17  1:21  SCV  
  18  1:32  Barracks Reactor  
  18  1:37  Orbital Command  
  18  1:55  Factory  
  18  2:05  SCV  
  19  2:12  Supply Depot  
  19  2:17  SCV  
  21  2:30  SCV  
  21  2:42  SCV  
  22  2:48  Factory  
  22  2:53  Barracks Reactor, Cyclone x2  
  22  2:57  SCV  
  27  3:09  SCV  
  27  3:12  Supply Depot  
  28  3:25  Cyclone  
  30  3:34  Cyclone  
  32  3:36  Supply Depot  
  32  3:39  Cyclone x2  
  36  3:44  Armory  
  36  4:00  Cyclone  
  38  4:11  Cyclone x3  
  44  4:23  Supply Depot  
  44  4:44  Command Center  
  44  4:53  Cyclone  
  44  4:56  Cyclone  
Tags
 
Add a new tag
Caveats
  • Supply blocks, unpowered buildings, or Contaminate may cause inaccurate times.
  • Supply counts are checked every 10 seconds.